 Dungeon Crawl Stone Soup version bcrawl-1.12.2 (webtiles) character file.

Game seed: 15390628125262867515

193 MisterOstroum the Poker (level 5, -1/45 HPs)
             Began as a Demigod Gladiator on July 17, 2019.
             Slain by a hippogriff (6 damage)
             ... on level 3 of the Dungeon.
             The game lasted 00:05:06 (2608 turns).

MisterOstroum the Poker (Demigod Gladiator)         Turns: 2608, Time: 00:05:06

Health: -1/45      AC:  4    Str: 19 (20) XL:     5   Next: 44%
Magic:  9/9        EV: 13    Int: 11 (12) God:    Demigod [*.....]
Gold:   131        SH:  0    Dex: 17 (18) Spells: 4/4 levels left

rFire    . . .     SeeInvis .   a - +0 trident
rCold    . . .     Gourm    .   (no shield)
rNeg     . . .     Faith    .   b - +0 leather armour
rPois    .         Spirit   .   c - +0 helmet
rElec    .         Reflect  .   (no cloak)
rCorr    .         Harm     .   (no gloves)
MR       .....                  (no boots)
Stlth    +.........             (no amulet)
HPRegen  0.15/turn              (no ring)
MPRegen  0.11/turn              (no ring)

@: no status effects
A: high mp 1
a: Temporal Distortion


You were on level 3 of the Dungeon.
You worshipped Demigod.
Demigod was aware of your devotion.
You were not hungry.

You visited 1 branch of the dungeon, and saw 3 of its levels.

You collected 131 gold pieces.

Inventory:

Hand Weapons
 a - a +0 trident (weapon)
Missiles
 d - 3 throwing nets {!f!f}
 g - 1143 stones (quivered)
 l - 147 javelins
 r - 93 silver javelins
Armour
 b - a +0 leather armour (worn)
 c - a +0 helmet (worn)
 i - a +0 pair of gloves
Jewellery
 n - a cursed ring of teleportation
Scrolls
 h - a scroll of enchant weapon {unknown}
 j - 2 scrolls of identify {unknown}
 m - 3 scrolls of fog {unknown}
 o - 3 scrolls of immolation {unknown}
 p - a scroll of enchant armour {unknown}
Comestibles
 e - 2 rations {!d}
 f - 2 chunks of flesh


   Skills:
 * Level 3.4 Fighting
 * Level 4.0 Polearms
 - Level 2.3 Throwing
 - Level 2.6 Dodging
 + Level 2.6 Invocations


You had 4 spell levels left.
You didn't know any spells.
Your spell library was empty.

Dungeon Overview and Level Annotations

Branches:
Dungeon (3/12)


Innate Abilities, Weirdness & Mutations

You have an increased reservoir of magic. (+10% MP)


Message History

Aim: a hound skeleton You throw a stone.
The stone hits the hound skeleton.
The hound skeleton is lightly damaged.
Throwing (i - inventory. (/) - cycle)
g - 1146 stones (quivered)
Press: ? - help, Shift-Dir - straight line, f/p - hound skeleton
Aim: a hound skeleton (lightly damaged)
You throw a stone.
The stone hits the hound skeleton but does no damage.
The hound skeleton is lightly damaged.
Attack whom?
Press: ? - help, Dir - move target cursor, f/p - hound skeleton
Aim: a hound skeleton (lightly damaged)
You reach to attack!
You hit the hound skeleton.
The hound skeleton is lightly damaged.
You closely miss the hound skeleton.
The hound skeleton is lightly damaged.
The hound skeleton bites you but does no damage.
You hit the hound skeleton.
The hound skeleton is moderately damaged.
The hound skeleton closely misses you. The hound skeleton bites you.
You hit the hound skeleton but do no damage.
The hound skeleton is moderately damaged.
The hound skeleton bites you.
You closely miss the hound skeleton.
The hound skeleton is moderately damaged.
The hound skeleton bites you but does no damage.
The hound skeleton misses you.
You hit the hound skeleton.
The hound skeleton is heavily damaged.
The hound skeleton misses you.
You hit the hound skeleton.
The hound skeleton is heavily damaged.
The hound skeleton completely misses you.
The hound skeleton misses you.
You hit the hound skeleton.
The hound skeleton is heavily damaged.
The hound skeleton bites you but does no damage.
You hit the hound skeleton.
The hound skeleton is almost destroyed.
The hound skeleton closely misses you.
The hound skeleton bites you but does no damage.
You puncture the hound skeleton!
You destroy the hound skeleton!
Your kill strengthens your divinity.
Your Polearms skill increases to level 4!
No target in view!
No target in view!
HP restored.
The hippogriff is too close now for your liking.
A hippogriff is nearby!
A hippogriff is nearby!
Throwing (i - inventory. (/) - cycle)
g - 1145 stones (quivered)
Press: ? - help, Shift-Dir - straight line, f - hippogriff
Aim: a hippogriff (hasn't noticed you)
You throw a stone. The stone hits the hippogriff.
The hippogriff is lightly wounded.
Throwing (i - inventory. (/) - cycle)
g - 1144 stones (quivered)
Press: ? - help, Shift-Dir - straight line, f/p - hippogriff
Aim: a hippogriff (lightly wounded)
You throw a stone.
The stone hits the hippogriff but does no damage.
The hippogriff is lightly wounded.
Okay, then.
Attack whom?
Press: ? - help, Dir - move target cursor, f/p - hippogriff
Aim: a hippogriff (lightly wounded)
You reach to attack!
You barely miss the hippogriff.
The hippogriff is lightly wounded.
You puncture the hippogriff!
The hippogriff is moderately wounded.
The hippogriff bites you. The hippogriff pecks you. The hippogriff claws you.
You barely miss the hippogriff.
The hippogriff is moderately wounded.
The hippogriff bites you.
The hippogriff pecks you but does no damage.
The hippogriff claws you but does no damage.
You hit the hippogriff but do no damage.
The hippogriff is moderately wounded.
The hippogriff misses you. The hippogriff barely misses you.
The hippogriff closely misses you.
You hit the hippogriff.
The hippogriff is moderately wounded.
The hippogriff bites you.
The hippogriff pecks you but does no damage.
The hippogriff misses you.
You hit the hippogriff.
The hippogriff is moderately wounded.
The hippogriff closely misses you. x3; The hippogriff bites you!
The hippogriff closely misses you. x2
You hit the hippogriff.
The hippogriff is heavily wounded.
The hippogriff bites you. The hippogriff pecks you. The hippogriff claws you.
* * * LOW HITPOINT WARNING * * *
You puncture the hippogriff!
The hippogriff is severely wounded.
The hippogriff bites you.
* * * LOW HITPOINT WARNING * * *
The hippogriff pecks you.
You die...
Your divinity fades.

###........ #..<.......
####....... ## .########
### ####..>. ... +..
#.#.#.#.# #.# ###
.#.#.#.#.#.## #
.#.#.#.#H#.#.# #
.#.#.#.#.#@#.# #
.#.#.#.#.#.#.#+##### #
.#.#.#.#.#.#......... #
.#.#.#.#.#.#.#........ ##
.#.#.#.#.#.#.#+........
#.
.#.#.#.#.#.#.#.#........
#.
.#.#.#.#.#.#.#.#.........
#.
#.#.#.#.#.#.#.#.#.#+#####
## .#.#.#.#.#.#.#.#.#.# #


You could see a hippogriff.

Vanquished Creatures
  An orc priest (D:3)
  A hound (D:2)
  2 orc wizards (D:3)
  A hound skeleton (D:3)
  An ooze (D:2)
  2 worms (D:2)
  2 dart slugs
  2 leopard geckos
  4 orcs
  A ball python (D:3)
  2 bats
  3 giant cockroaches
  7 goblins
  6 hobgoblins
  2 frilled lizards
  7 kobolds
  4 rats
48 creatures vanquished.

Notes
Turn   | Place    | Note
-------+----------+-------------------------------------------
     0 | D:1      | MisterOstroum the Demigod Gladiator began the quest for the
                  | Orb.
     0 | D:1      | Reached XP level 1. HP: 17/17 MP: 3/3
   177 | D:1      | Reached XP level 2. HP: 24/24 MP: 4/4
   198 | D:1      | Reached skill level 3 in Polearms
   198 | D:1      | Reached skill level 1 in Invocations
   881 | D:2      | Reached XP level 3. HP: 30/30 MP: 6/6
  1244 | D:2      | Noticed a necrophage
  1463 | D:2      | Found an ornate altar of the Wu Jian Council.
  1519 | D:2      | Reached * piety under Demigod
  1656 | D:3      | Noticed a hippogriff
  1718 | D:2      | Reached XP level 4. HP: 22/37 MP: 7/7
  2282 | D:3      | Reached XP level 5. HP: 28/45 MP: 9/9
  2576 | D:3      | Reached skill level 4 in Polearms
  2608 | D:3      | Slain by a hippogriff

Skill      XL: |  1  2  3  4  5 |
---------------+----------------+-----
Fighting       | 2 3 |  3.4
Polearms       | 3 4 |  4.0
Invocations    | 1 2 |  2.6
Throwing       | 2 |  2.3
Dodging        | |  2.6

Action                   |  1- 3 |  4- 6 || total
-------------------------+-------+-------++-------
Melee: Trident           |    91 |    72 ||   163
Throw: Stone             |    65 |    21 ||    86
       Javelin           |     1 |       ||     1
       Throwing net      |     1 |       ||     1
  Use: Potion            |       |     4 ||     4
 Stab: Sleeping          |     3 |       ||     3
  Eat: Chunk             |     2 |     3 ||     5
Armor: Leather armour    |    16 |    21 ||    37
Dodge: Dodged            |    55 |    35 ||    90
